 Seeded DCSS version 0.30.1-4-g462c640d31 (webtiles) character file.

Game seed: 6351066067085065685 (custom seed)

2503 Esekla the Thaumaturge (level 9, -9/45 HPs)
             Began as a Deep Elf Necromancer on Aug 11, 2023.
             Was a Believer of Vehumet.
             Mangled by Joseph
             ... wielding a +0 quarterstaff
              (18 damage)
             ... on level 7 of the Dungeon.
             The game lasted 00:27:46 (5380 turns).

Esekla the Thaumaturge (Deep Elf Necromancer)       Turns: 5380, Time: 00:27:47

Health: -9/45      AC:  5    Str:  5    XL:     9   Next: 28%
Magic:  19/24      EV: 15    Int: 25    God:    Vehumet [**....]
Gold:   398        SH:  0    Dex: 18    Spells: 14/26 levels left

rFire   . . .        h - +5 rapier of the Hero {heavy, rN+ Dex+3}
rCold   . . .        (no shield)
rNeg    + . .        a - +0 robe
rPois   .            j - +0 helmet
rElec   .            H - +0 cloak
rCorr   .            k - +0 pair of gloves
SInv    .            (no boots)
Will    .....        A - amulet of magic regeneration
Stlth   +++          (no ring)
HPRegen 0.27/turn    (no ring)
MPRegen 0.59/turn

%: no passive effects
@: no status effects
A: no striking features
a: Renounce Religion


You were on level 7 of the Dungeon.
You worshipped Vehumet.
Vehumet was pleased with you.
You visited 1 branch of the dungeon, and saw 7 of its levels.

You collected 398 gold pieces.

Inventory:

Hand Weapons
 h - the +5 rapier of the Hero (weapon) {heavy, rN+ Dex+3}
   (You found it on level 3 of the Dungeon)

   Dex:       It affects your dexterity (+3).
   rN:        It protects you from negative energy.
 r - a +4 trident of venom
 D - a +0 scimitar
Missiles
 v - 23 poisoned darts (quivered)
Armour
 a - a +0 robe (worn)
 j - a +0 helmet (worn)
 k - a +0 pair of gloves (worn)
 H - a +0 cloak (worn)
Jewellery
 A - an amulet of magic regeneration (around neck)
Wands
 o - a wand of polymorph (10)
 p - a wand of roots (21)
 C - a wand of flame (12)
 G - a wand of mindburst (9)
Scrolls
 e - 3 scrolls of fear {unknown}
 g - a scroll of immolation {unknown}
 m - 2 scrolls of amnesia
 n - a scroll of enchant armour {unknown}
 q - 5 scrolls of blinking
 s - 2 scrolls of fog
 w - 3 scrolls of enchant weapon
 x - a scroll of summoning {unknown}
 y - a scroll of silence {unknown}
 z - a scroll of magic mapping {unknown}
 E - 2 scrolls of teleportation
 F - 2 scrolls of poison
Potions
 b - a potion of magic
 c - 6 potions of curing {unknown}
 d - 3 potions of ambrosia {unknown}
 f - 2 potions of haste
 i - a potion of mutation {unknown}
 l - 6 potions of attraction {unknown}
 t - 2 potions of heal wounds
 u - 3 potions of brilliance {unknown}
 B - a potion of lignification {unknown}


   Skills:
 + Level 4.0 Short Blades
 + Level 1.1 Throwing
 * Level 5.9 Dodging
 + Level 5.6 Stealth
 * Level 9.1 Spellcasting
 * Level 8.9 Necromancy
 * Level 4.6 Translocations


You had 14 spell levels left.
You knew the following spells:

 Your Spells              Type           Power      Damage    Failure   Level
a - Necrotise             Necr           100%       1d9       1%          1
b - Kiss of Death         Conj/Necr      100%       2d13      1%          1
c - Foxfire               Conj/Fire      44%        2x1d6     5%          1
d - Vampiric Draining     Necr           54%        2d9       1%          3
n - Ignite Poison         Fire/Tmut/Pois 11%        N/A       16%         3
t - Teleport Other        Tloc           34%        N/A       2%          3

Your spell library contained the following spells:

 Spells                   Type           Power      Damage    Failure   Level
 Lesser Beckoning         Tloc           68%        N/A       1%          2
 Animate Dead             Necr           54%        N/A       1%          4
 Gell's Gravitas          Tloc           34%        N/A       2%          3
 Agony                    Necr           54%        N/A       3%          5
 Spider Form              Tmut/Pois      11%        N/A       16%         3
 Cause Fear               Hex            5%         N/A       47%         4
 Summon Mana Viper        Hex/Summ       11%        N/A       83%         5


Dungeon Overview and Level Annotations

Branches:
Dungeon (7/15)             Temple (0/1) D:6

Altars:
Dithmenos
Fedhas
Hepliaklqana
Okawaru
Qazlal
Trog
Vehumet
Zin
The Shining One

Shops:
D:2 =   D:4 (

Annotations:
D:7 Joseph


Message History

You see here 6 stones.
You see here a +0 flail.
You see here a +0 trident.
You see here a +0 spear.
You open the door.
Found a ring mail.
Joseph, a Mercenary comes into view.
He is wielding a +0 quarterstaff.
There is an open door here.
o - a wand of polymorph (10)
A hound comes into view.
Found an escape hatch in the floor.
The hound barks!
There is an open door here.
You puncture the hound!
You kill the hound!
Vehumet accepts your kill.
There is an open door, spattered with blood here.
You see here a hound corpse.
Joseph shouts!
You puncture Joseph!
Joseph is lightly wounded.
Joseph hits you with a +0 quarterstaff!!
Joseph hits you with a +0 quarterstaff!
* * * LOW HITPOINT WARNING * * *
Casting: Vampiric Draining (safe; 1% risk of failure)
Confirm with . or Enter, or press ? or * to list all spells.
Aiming: Vampiric Draining (safe; 1% risk of failure)
Press: ? - help, Shift-Dir - straight line, f - Joseph
Aim: Joseph, wielding a +0 quarterstaff and wearing a +0 leather armour (lightly wounded)
You draw life force from Joseph!
You feel life coursing into your body! Joseph hits you with a +0 quarterstaff!
* * * LOW HITPOINT WARNING * * *
Casting: Vampiric Draining (safe; 1% risk of failure)
Confirm with . or Enter, or press ? or * to list all spells.
Aiming: Vampiric Draining (safe; 1% risk of failure)
Press: ? - help, Shift-Dir - straight line, f/p - Joseph
Aim: Joseph, wielding a +0 quarterstaff and wearing a +0 leather armour (moderately wounded)
You draw life force from Joseph!
You feel life coursing into your body.
Joseph hits you with a +0 quarterstaff!!
You die...

#.(..######### ##+
#....# #.. #....# #.#
#....######### #.#
#............. #######.#
#.....#######.
........#######.#<[...#.
.............##.##)#..#.
.......@[....†....)))...
......@#.....#####)####.
.....>.#.....#.<.....##.
.......#.....#.###.#.##.
.......#.....#.# #.#.##.
.......#.....#.# #.#.##.
########.....#.###.#.##.
#.....#.....#.##.
#############..'.


You could see Joseph.

Vanquished Creatures
  Pikel (D:6)
  A wyvern (D:7)
  Menkaure (D:7)
  An ice beast (D:6)
  A sky beast (D:6)
  2 black bears
  An ogre (D:5)
  A centaur (D:7)
  A phantom (D:7)
  A lemure (D:6)
  Blork the orc (D:6)
  A kobold brigand (D:6)
  A gnoll sergeant (D:7)
  A bullfrog (D:7)
  2 scorpions (D:5)
  A gnoll bouda (D:4)
  6 hounds
  A jelly (D:6)
  Crazy Yiuf (D:7)
  A sleepcap (D:5)
  5 iguanas
  An orc wizard (D:7)
  13 gnolls
  9 adders
  4 white imps
  An ufetubus (D:6)
  A worm (D:4)
  3 dart slugs
  15 orcs
  6 ball pythons
  4 endoplasms
  8 goblins
  5 hobgoblins
  A quokka (D:1)
  4 bats
  4 frilled lizards
  12 kobolds
  A rat (D:2)
124 creatures vanquished.

Notes
Turn   | Place    | Note
-------+----------+-------------------------------------------
     0 | D:1      | Esekla the Deep Elf Necromancer began the quest for the
                  | Orb.
     0 | D:1      | Reached XP level 1. HP: 10/10 MP: 6/6
   133 | D:1      | Reached skill level 5 in Necromancy
   236 | D:2      | You fall into a shaft and drop 1 floor!
   253 | D:3      | Identified the +5 rapier of the Hero {heavy, rN+ Dex+3}
   318 | D:2      | Found Renulab's Jewellery Shop.
   471 | D:4      | Found an iron altar of Okawaru.
   535 | D:4      | Found a glowing silver altar of Zin.
   555 | D:4      | Found a radiant altar of Vehumet.
   559 | D:4      | Became a worshipper of Vehumet
   634 | D:4      | Found a glowing golden altar of the Shining One.
   674 | D:3      | Reached XP level 2. HP: 15/15 MP: 8/8
  1116 | D:3      | Found a stormy altar of Qazlal.
  1119 | D:3      | Found a hazy altar of Hepliaklqana.
  1119 | D:3      | Found a bloodstained altar of Trog.
  1129 | D:3      | Reached XP level 3. HP: 8/19 MP: 10/10
  1136 | D:3      | Learned a level 3 spell: Vampiric Draining
  1339 | D:2      | Reached XP level 4. HP: 24/24 MP: 11/11
  1343 | D:2      | Reached skill level 1 in Short Blades
  1539 | D:1      | Reached * piety under Vehumet
  1539 | D:1      | Offered knowledge of Kiss of Death by Vehumet.
  1605 | D:1      | Reached skill level 4 in Spellcasting
  1727 | D:1      | Learned a level 1 spell: Kiss of Death
  1731 | D:1      | Learned a level 3 spell: Teleport Other
  1879 | D:2      | Found a faded altar of an unknown god.
  1926 | D:2      | Noticed a black bear
  1937 | D:2      | Killed a black bear
  1938 | D:2      | Reached skill level 1 in Translocations
  1938 | D:2      | Reached XP level 5. HP: 20/28 MP: 3/13
  2239 | D:4      | Found Ponaysk's Antique Weapon Boutique.
  2599 | D:4      | Reached XP level 6. HP: 32/32 MP: 14/14
  2721 | D:4      | Reached skill level 5 in Spellcasting
  2905 | D:5      | Entered Level 5 of the Dungeon
  2913 | D:5      | Got the Parchment of the Lumpy Olives
  2928 | D:5      | Found a shadowy altar of Dithmenos.
  2995 | D:5      | Offered knowledge of Foxfire by Vehumet.
  3045 | D:5      | Reached XP level 7. HP: 14/36 MP: 12/17
  3102 | D:4      | Learned a level 1 spell: Foxfire
  3256 | D:5      | Reached ** piety under Vehumet
  3257 | D:5      | Reached skill level 6 in Spellcasting
  3755 | D:6      | Found a blossoming altar of Fedhas.
  3792 | D:6      | Reached skill level 1 in Throwing
  3792 | D:6      | Reached XP level 8. HP: 41/41 MP: 14/20
  3983 | D:6      | Found a staircase to the Ecumenical Temple.
  4028 | D:6      | Reached skill level 5 in Dodging
  4028 | D:6      | Reached skill level 7 in Spellcasting
  4157 | D:6      | Noticed Pikel
  4167 | D:6      | Killed Pikel
  4168 | D:6      | Reached skill level 5 in Stealth
  4168 | D:6      | Reached skill level 8 in Spellcasting
  4243 | D:6      | Noticed Blork the orc
  4247 | D:6      | Killed Blork the orc
  4697 | D:7      | Reached XP level 9. HP: 44/45 MP: 23/23
  4772 | D:7      | Noticed Menkaure
  4778 | D:7      | Killed Menkaure
  4877 | D:7      | Found a runed translucent door.
  4878 | D:7      | Noticed Crazy Yiuf
  4886 | D:7      | Killed Crazy Yiuf
  5070 | D:7      | Offered knowledge of Ignite Poison by Vehumet.
  5071 | D:7      | Reached skill level 9 in Spellcasting
  5081 | D:7      | Learned a level 3 spell: Ignite Poison
  5351 | D:7      | Noticed Joseph
  5380 | D:7      | Mangled by Joseph

Illustrated notes

Levels and vault maps discovered:
D:1:      sevenhm_arrival_forest_fort_small_3, layout_rooms,
          chequers_serial_rivers_room_b, minmay_misc_feat_five
D:2:      layout_loops_ring, dreamdust_ecumenical_altar_angels_and_demons,
          serial_shops, shop
D:3:      layout_basic, grunt_temple_overflow_open, minmay_misc_feat_iff
D:4:      layout_basic, nicolae_overflow_quartered_altars, serial_shops,
          nicolae_diamond_shop
D:5:      layout_loops_ring, lemuel_doored_altar, minmay_misc_feat_rows,
          dreamdust_wishing_well
D:6:      layout_loops_cross, fedhas_altar_fruit_tree,
          minmay_temple_entry_glass, uniq_pikel, uniq_blork_the_orc
D:7:      layout_basic, uniq_menkaure, uniq_joseph, uniq_crazy_yiuf_cottage

Skill      XL: |  1  2  3  4  5  6  7  8  9 |
---------------+----------------------------+-----
Necromancy     | 5 6 8 |  8.9
Stealth        | 3 4 5 |  5.6
Short Blades   | 1 2 3 4 |  4.0
Dodging        | 3 4 5 |  5.9
Spellcasting   | 4 5 6 8 9 |  9.1
Translocations | 1 2 3 4 |  4.6
Throwing       | 1 |  1.1

Action                     |  1- 3 |  4- 6 |  7- 9 || total
---------------------------+-------+-------+-------++-------
  Melee: Short sword       |    15 |       |       ||    15
         Unarmed           |     6 |       |       ||     6
         Rapier            |    27 |    81 |   111 ||   219
         Punch             |     1 |     2 |     1 ||     4
  Throw: Dart              |       |     9 |     9 ||    18
   Cast: Vampiric Draining |       |    23 |    33 ||    56
  Evoke: Wand              |       |       |     3 ||     3
    Use: Scroll            |       |       |     8 ||     8
   Stab: Sleeping          |     5 |     5 |    15 ||    25
 Armour: Robe              |    10 |    20 |    23 ||    53
  Dodge: Dodged            |    29 |    65 |    94 ||   188
